 Dungeon Crawl Stone Soup version 0.27-a0-1147-gb3d8e82157 (webtiles) character file.

Game seed: 4733191775982687582

31000 st0uf the Protected (level 13, 0/83 HPs)
             Began as a Gargoyle Gladiator on May 11, 2021.
             Was a Follower of Ashenzari.
             Slain by Urug
             ... wielding a +2 vampiric demon trident
              (15 damage)
             ... on level 11 of the Dungeon.
             The game lasted 01:03:46 (18835 turns).

st0uf the Protected (Gargoyle Gladiator)           Turns: 18835, Time: 01:03:47

Health: 0/83       AC: 21    Str: 19    XL:     13   Next: 55%
Magic:  20/22      EV: 10    Int: 19    God:    Ashenzari [*.....]
Gold:   672        SH:  0    Dex: 11    Spells: 15/24 levels left

rFire    + . .     SeeInvis +   a - +0 quarterstaff
rCold    + . .     Faith    .   (shield currently unavailable)
rNeg     + . .     Spirit   .   u - +0 scale mail
rPois    ∞         Reflect  .   K - +1 helmet "Thunder Perfect Mind" {SInv, Elem, Self} (curse)
rElec    +         Harm     .   G - scarf "Share My Stoicism" {rC+ rF+, Alch, Self} (curse)
rCorr    +         Rampage  .   (no gloves)
Will     .....                  (no boots)
Stlth    ++........             H - amulet of regeneration
HPRegen  1.23/turn              e - ring of resist corrosion
MPRegen  0.18/turn              C - +6 ring of intelligence

@: no status effects
A: sickness immunity, AC +9, negative energy resistance 1, electricity
resistance, torment resistance 1, petrification resistance
a: Renounce Religion, Curse Item, Shatter the Chains


You were on level 11 of the Dungeon.
You worshipped Ashenzari.
Ashenzari was aware of your devotion.
You visited 4 branches of the dungeon, and saw 16 of its levels.

You collected 837 gold pieces.
You spent 165 gold pieces at shops.

Inventory:

Hand Weapons
 a - a +0 quarterstaff (weapon)
 y - a +4 quarterstaff of chaos
Missiles
 d - 5 throwing nets
 j - 256 stones
 z - 41 poisoned darts
 N - 8 curare-tipped darts (quivered)
Armour
 b - a +0 leather armour
 c - a +0 helmet
 t - a +0 cloak
 u - a +0 scale mail (worn)
 B - a +2 kite shield
 G - the cursed scarf "Share My Stoicism" (worn) {rC+ rF+, Alch, Self}
   (You found it on level 8 of the Dungeon)

   It has a curse which improves the following skills: Alchemy: Poison Magic and
   Transmutations.
   Introspection: Fighting and Spellcasting.
 K - the cursed +1 helmet "Thunder Perfect Mind" (worn) {SInv, Elem, Self}
   (You bought it in a shop on level 9 of the Dungeon)

   It has a curse which improves the following skills: Elements: Fire Magic, Ice
   Magic, Air Magic and Earth Magic.
   Introspection: Fighting and Spellcasting.
Jewellery
 e - a ring of resist corrosion (left hand)
 i - a ring of ice
 C - a +6 ring of intelligence (right hand)
 H - an amulet of regeneration (around neck)
Wands
 v - a wand of polymorph (11)
 D - a wand of flame (15)
 I - a wand of charming (7)
Scrolls
 h - 2 scrolls of enchant armour
 k - a scroll of fear
 l - 4 scrolls of identify
 q - a scroll of enchant weapon
 r - a scroll of summoning
 s - 2 scrolls of amnesia
 x - 5 scrolls of magic mapping
 E - 2 scrolls of silence
 F - 2 scrolls of teleportation
 J - a scroll of holy word
Potions
 f - 4 potions of lignification
 g - 4 potions of heal wounds
 m - 3 potions of curing
 n - 3 potions of magic
 o - 5 potions of mutation
 p - 2 potions of berserk rage
 w - 3 potions of haste
 A - a potion of brilliance
 L - a potion of might
Miscellaneous
 M - a phial of floods


   Skills:
 + Level 8.7(10.3) Fighting
 + Level 12.1 Staves
 + Level 4.2 Throwing
 * Level 12.8 Armour
 - Level 2.4 Dodging
 - Level 6.0 Stealth
 * Level 4.8(6.3) Spellcasting
 * Level 4.4 Hexes
 + Level 3.5 Summonings
 * Level 4.5(5.5) Ice Magic
 + Level 3.1 Evocations


You had 15 spell levels left.
You knew the following spells:

 Your Spells              Type           Power      Damage    Failure   Level
a - Summon Small Mammal   Summ           76%        N/A       6%          1
b - Ensorcelled Hibernat  Hex/Ice        48%        N/A       4%          2
c - Confusing Touch       Hex            22%        N/A       12%         3
d - Tukima's Dance        Hex            22%        N/A       12%         3

Your spell library contained the following spells:

 Spells                   Type           Power      Damage    Failure   Level
 Corona                   Hex            24%        N/A       4%          1
 Animate Skeleton         Necr           12%        N/A       24%         1
 Magic Dart               Conj           24%        1d4       24%         1
 Shock                    Conj/Air       24%        1d4       24%         1
 Sting                    Tmut/Pois      24%        1d4       24%         1
 Dazzling Flash           Conj/Hex       28%        N/A       30%         3
 Static Discharge         Conj/Air       6%         N/A       36%         2
 Swiftness                Air            6%         N/A       56%         3
 Airstrike                Air            3%         N/A       93%         4
 Lightning Bolt           Conj/Air       3%         1d14      100%        5


Dungeon Overview and Level Annotations

Branches:
Dungeon (11/15)            Temple (1/1) D:5            Lair (3/6) D:8
    Orc (1/2) D:11
  Swamp: Lair:2-4    Shoals: Lair:2-4     Snake: Lair:2-4    Spider: Lair:2-4

Altars:
Ashenzari
Cheibriados
Dithmenos
Elyvilon
Fedhas
Gozag
Hepliaklqana
Kikubaaqudgha
Makhleb
Nemelex Xobeh
Okawaru
Qazlal
Ru
Sif Muna
Trog
Uskayaw
Vehumet
Wu Jian
Xom
Yredelemnul
Zin
The Shining One
Jiyva

Shops:
D:9 [   D:11 (=

Annotations:
D:11 Urug
Lair:1 3 runed translucent doors, Sassenached's ghost, journeyman SpWn
Lair:3 exclusion: 2 oklob plants


Innate Abilities, Weirdness & Mutations

You are immune to sickness and miasma.
Your stone body is resilient. (AC +9)
You are immune to poison.
You resist negative energy. (rN+)
You are resistant to electric shocks. (rElec)
You are resistant to unholy torment.
You are immune to petrification.


Message History

You barely miss Urug. You hit Urug but do no damage.
Urug appears confused.
Urug hits you with a +2 vampiric demon trident!
You thump Urug!
Urug is lightly wounded.
You hit Urug.
Urug is lightly wounded.
You hit Urug.
Urug is lightly wounded.
You hit Urug.
Urug is lightly wounded.
Urug hits you with a +2 vampiric demon trident!
You hit Urug but do no damage.
Urug is lightly wounded.
You hit Urug.
Urug is moderately wounded.
Urug hits you with a +2 vampiric demon trident.
You strike the helpless Urug from behind!
You sock Urug!
Urug is heavily wounded.
Urug hits you but does no damage.
You thump Urug!
Urug is heavily wounded.
You hit Urug but do no damage.
Urug is heavily wounded.
You thump Urug!
Urug is severely wounded.
Urug hits you with a +2 vampiric demon trident.
You barely miss Urug.
Urug is severely wounded.
Urug hits you with a +2 vampiric demon trident!
* * * LOW HITPOINT WARNING * * *
Casting: Confusing Touch (dangerous; 12% risk of failure)
Confirm with . or Enter, or press ? or * to list all spells.
Aiming: Ensorcelled Hibernation (safe; 4% risk of failure)
Press: ? - help, Shift-Dir - straight line, f - Urug
Aim: Urug, wielding a +2 vampiric demon trident, wearing a +2 chain mail of willpower and quivering javelins (severely wounded, confused, chance to affect: 10%) Urug resists with almost no effort.
Urug hits you with a +2 vampiric demon trident!
You die...

#.##.## #.# #.#.#
#.#...#####.# ###.#.#
#........##.########.....#
#.#...##..(....##.#..##..#
#.##.###..#.####.#..###.)#####
#.##.# #..#..##.#...# #.......
####.##.# #########....#
#.###### ........#
#...#8#.....###.......
#########
#.>.o@.....)....###### ##
#...#8.....[.)#.# .##
######....).....# ..# #.#
###........# ..## ####.#
####...[...#
...######....####.##.#.....#
..#....##.#.......>####....#
#...#..##.#.#####.## ####.#
..#.......#....##.# ### #)#


You could see Urug (confused).

Vanquished Creatures
  A hydra (D:11)
  2 two-headed ogres
  2 oklob plants (Lair:1)
  A cyclops (D:11)
  A black mamba (Lair:2)
  3 cane toads (Lair:2)
  A kobold demonologist (D:8)
  A rime drake (Lair:1)
  2 trolls (D:10)
  10 blink frogs
  2 shadows
  11 yaks
  A wraith (D:11)
  2 wyverns
  A steam dragon (D:7)
  A warg (D:11)
  12 water moccasins
  3 orc warriors
  3 black bears
  A sky beast (D:8)
  A hornet zombie (D:6)
  3 necrophages
  An ogre (D:4)
  6 wolves
  8 centaurs
  A kobold brigand (D:8)
  A gnoll sergeant (D:11)
  3 bullfrogs
  A scorpion (D:4)
  A wyvern skeleton (D:6)
  5 killer bees (D:8)
  9 wights
  A centaur zombie (D:6)
  3 jellies
  3 orc priests
  2 bullfrog skeletons
  3 hounds
  4 iguanas
  A centaur skeleton (D:4)
  Crazy Yiuf (D:4)
  Natasha (thrice) (D:2)
  5 orc wizards
  A killer bee zombie (D:8)
  A howler monkey zombie (D:5)
  4 gnolls (D:11)
  2 adders
  An adder skeleton (D:3)
  7 dart slugs
  28 orcs
  6 endoplasms
  4 giant cockroaches
  6 goblins
  8 hobgoblins
  10 jackals
  11 kobolds
  5 quokkas
  9 ball pythons
  9 bats
  5 frilled lizards
  2 rats
  A spectral hobgoblin (D:6)
247 creatures vanquished.

Vanquished Creatures (others)
  9 fungi
  12 plants
21 creatures vanquished.

Grand Total: 268 creatures vanquished

Notes
Turn   | Place    | Note
-------+----------+-------------------------------------------
     0 | D:1      | st0uf the Gargoyle Gladiator began the quest for the Orb.
     0 | D:1      | Reached XP level 1. HP: 12/12 MP: 1/1
    29 | D:1      | Found a faded altar of an unknown god.
   160 | D:1      | Reached XP level 2. HP: 16/17 MP: 2/2
   437 | D:1      | Reached skill level 1 in Armour
   676 | D:1      | Reached XP level 3. HP: 22/22 MP: 3/3
  1428 | D:2      | Found a burning altar of Makhleb.
  1682 | D:2      | Noticed Natasha
  1690 | D:2      | Killed Natasha
  1691 | D:2      | Reached XP level 4. HP: 27/27 MP: 4/4
  1809 | D:2      | Noticed Natasha
  1819 | D:2      | Killed Natasha
  2158 | D:2      | Noticed Natasha
  2163 | D:2      | Killed Natasha
  2164 | D:2      | Reached XP level 5. HP: 31/32 MP: 5/5
  2476 | D:3      | Noticed a centaur
  2493 | D:3      | HP: 1/32 [ball python (1)]
  2494 | D:3      | Killed a centaur
  2495 | D:3      | Reached skill level 5 in Staves
  2495 | D:3      | Reached XP level 6. HP: 2/37 MP: 6/6
  3316 | D:4      | Reached skill level 1 in Stealth
  3741 | D:4      | Found a basalt altar of Yredelemnul.
  3741 | D:4      | You fall into a shaft and drop 1 floor!
  3741 | D:5      | Entered Level 5 of the Dungeon
  3770 | D:5      | Reached XP level 7. HP: 41/41 MP: 7/7
  3799 | D:5      | Found an ornate altar of the Wu Jian Council.
  3837 | D:5      | Found a staircase to the Ecumenical Temple.
  3847 | D:5      | Identified First Steps in the Arcane Arts
  3854 | Temple   | Entered the Ecumenical Temple
  4066 | Temple   | Became a worshipper of Ashenzari the Shackled
  4498 | D:4      | Found a runed translucent door.
  4499 | D:4      | Noticed Crazy Yiuf
  4511 | D:4      | Killed Crazy Yiuf
  5614 | D:6      | Reached XP level 8. HP: 34/48 MP: 8/8
  5629 | D:6      | Reached skill level 5 in Armour
  5837 | D:6      | Found a bloodstained altar of Trog.
  5994 | D:6      | Noticed a shadow
  6006 | D:6      | Killed a shadow
  6645 | D:6      | Found a hazy altar of Hepliaklqana.
  6817 | D:7      | Reached XP level 9. HP: 47/53 MP: 9/9
  6891 | D:7      | Found a snail-covered altar of Cheibriados.
  6996 | D:7      | Reached skill level 5 in Fighting
  7875 | D:8      | Found a staircase to the Lair.
  8061 | D:8      | Noticed a two-headed ogre
  8109 | D:8      | Killed a two-headed ogre
  8736 | D:8      | Reached XP level 10. HP: 61/61 MP: 10/10
  8948 | D:8      | Reached skill level 10 in Staves
  9591 | D:8      | Found an opulent altar of Gozag.
  9713 | Lair:1   | Entered Level 1 of the Lair of Beasts
  9902 | Lair:1   | Reached skill level 10 in Armour
  9911 | Lair:1   | HP: 1/63 [blink frog (10)]
 10930 | Lair:1   | Noticed a seven-headed hydra
 11090 | Lair:2   | Reached XP level 11. HP: 48/68 MP: 11/11
 11209 | Lair:2   | Reached XP level 12. HP: 75/75 MP: 11/16
 11212 | Lair:2   | Learned a level 1 spell: Summon Small Mammal
 11215 | Lair:2   | Learned a level 2 spell: Ensorcelled Hibernation
 11215 | Lair:2   | Reached skill level 5 in Stealth
 11215 | Lair:2   | Reached XP level 13. HP: 80/80 MP: 11/18
 13445 | Lair:1   | Found a runed translucent gate.
 13445 | Lair:1   | Found a runed translucent gate.
 13445 | Lair:1   | Found a runed translucent gate.
 13447 | Lair:1   | Noticed Sassenached's ghost (journeyman SpWn)
 13453 | Lair:1   | Found a viscous altar of Jiyva.
 13471 | Lair:1   | Learned a level 3 spell: Confusing Touch
 15471 | D:8      | Learned a level 3 spell: Tukima's Dance
 15747 | D:9      | Found an iron altar of Okawaru.
 15913 | D:9      | Found Yngydemu's Antique Armour Emporium.
 15921 | D:9      | Bought a shiny helmet for 165 gold pieces
 15931 | D:9      | Reached * piety under Ashenzari
 16079 | D:10     | Entered Level 10 of the Dungeon
 17568 | D:11     | Found Giegeuc's Weapon Shoppe.
 17868 | D:11     | Found Kanniet Winy's Jewellery Shop.
 18649 | D:11     | Found a glowing silver altar of Zin.
 18683 | D:11     | Found a staircase to the Orcish Mines.
 18691 | Orc:1    | Entered Level 1 of the Orcish Mines
 18691 | Orc:1    | Noticed Urug
 18835 | D:11     | Slain by Urug

Illustrated notes

Levels and vault maps discovered:
D:1:      minmay_arrival_four_loops, layout_basic,
          shapermc_ecumenical_altar_mp_ritualfount
D:2:      layout_basic, basic_altar, grunt_ministairs_2,
          amcnicky_mini_pool_small, minmay_statues_item,
          minmay_misc_feat_four_crosses, chequers_arboretum, uniq_natasha
D:3:      layout_rooms, kennysheep_generic_room_13
D:4:      layout_loops_ring, old_standard_altar, uniq_crazy_yiuf_cottage
D:5:      layout_loops_cross, nzn_wu_jian_council_hall,
          minmay_temple_entry_offerings, minmay_tree_intersection
D:6:      layout_basic, lightli_temple_of_fire,
          nicolae_hepliaklqana_monster_ancestors
D:7:      layout_basic, kennysheep_slug_shrine
D:8:      layout_layer_cave, kennysheep_mini_moat, lair_entry_dummy
D:9:      layout_rooms, lemuel_doored_altar, serial_shops, shop
D:10:     layout_basic
D:11:     layout_loops_ring, hiddenorc1_lemuel, serial_shops, shop,
          minmay_shop_grid_forest, hex_tiny, zin_scriptorium
Temple:   regret_index_temple_generic_petals
Lair:1:   layout_chaotic_city, gammafunk_ghost_ooze, grunt_megastairs_3,
          serial_bayou_shore_b, minmay_lair_oklob_chamber
Lair:2:   layout_chaotic_city
Lair:3:   dpeg_oklob_shooting_range, layout_small_grid, shoals_dummy_entry,
          nicolae_spider_entry_non_spiders, uniq_fannar
Orc:1:    layout_caves, portal_ice_cave_demonic_guard, uniq_josephine, uniq_urug

Skill      XL: |  1  2  3  4  5  6  7  8  9 10 11 12 13 |
---------------+----------------------------------------+-----
Armour         | 1 2 3 4 6 8 11 12 | 12.8
Staves         | 4 5 7 8 9 11 12 | 12.1
Fighting       | 3 4 6 7 8 |  8.7
Stealth        | 1 2 4 5 6 |  6.0
Throwing       | 2 3 4 |  4.2
Spellcasting   | 2 3 4 |  4.8
Hexes          | 2 3 4 |  4.4
Summonings     | 2 3 |  3.5
Evocations     | 2 3 |  3.1
Ice Magic      | 3 4 |  4.5
Dodging        | |  2.4

Action                   |  1- 3 |  4- 6 |  7- 9 | 10-12 | 13-15 || total
-------------------------+-------+-------+-------+-------+-------++-------
Melee: Quarterstaff      |   126 |   153 |   321 |   259 |   662 ||  1521
Throw: Dart              |       |       |     7 |       |    12 ||    19
 Cast: Confusing Touch   |       |       |       |       |    24 ||    24
       Ensorcelled Hiber |       |       |       |       |    18 ||    18
       Summon Small Mamm |       |       |       |       |     2 ||     2
Invok: Curse Item        |       |       |     1 |       |     1 ||     2
  Use: Potion            |       |       |       |     2 |       ||     2
 Stab: Confused          |       |       |       |       |    31 ||    31
       Sleeping          |       |       |       |       |    10 ||    10
Armor: Leather armour    |    59 |    55 |       |       |       ||   114
       Scale mail        |       |    31 |   202 |   124 |   304 ||   661
Dodge: Dodged            |    90 |   129 |   150 |    95 |   247 ||   711

Table legend: (Time is in decaauts)
 A = Elapsed time spent in this place.
 B = Non-inter-level travel time spent in this place.
 C = Inter-level travel time spent in this place.
 D = Time resting spent in this place.
 E = Time spent auto-exploring this place.
 F = Levels seen in this place.
 G = Mean time per level.
                   A        B        C        D        E       F      G
               +--------+--------+--------+--------+--------+-----+--------+
         Total |  18595 |  17706 |    889 |   4769 |   9558 |  16 | 1162.2 |
       Dungeon |  13115 |  12385 |    730 |   2122 |   7659 |  11 | 1192.3 |
        Temple |    231 |    200 |     31 |      0 |    190 |   1 |  231.0 |
          Lair |   5241 |   5113 |    128 |   2646 |   1709 |   3 | 1747.0 |
  Orcish Mines |      6 |      6 |      0 |      0 |      0 |   1 |    6.0 |
               +--------+--------+--------+--------+--------+-----+--------+

Top non-repeatable levels by time:
  Lair:1: 2941 daAuts
     D:8: 2329 daAuts
  Lair:2: 2285 daAuts
    D:11: 1548 daAuts
     D:2: 1329 daAuts
     D:4: 1290 daAuts
     D:6: 1172 daAuts
     D:7: 1164 daAuts
    D:10: 1086 daAuts
     D:3: 916 daAuts
     D:1: 904 daAuts
     D:5: 851 daAuts
     D:9: 521 daAuts
  Temple: 231 daAuts
  Lair:3: 14 daAuts
